 Dungeon Crawl Stone Soup version 0.21.1-1-g345015fe64 (webtiles) character file.

0 Gargoyl the Skirmisher (level 1, -3/19 HPs)
             Began as a Centaur Abyssal Knight on Feb 11, 2018.
             Was a Follower of Lugonu.
             Slain by a worldbinder (7 damage)
             ... on level 2 of the Abyss.
             The game lasted 00:00:48 (114 turns).

Gargoyl the Skirmisher (Centaur Abyssal Knight)      Turns: 114, Time: 00:00:49

Health: -3/19      AC:  4    Str: 12 (14) XL:     1   Next: 0%
Magic:  2/2        EV:  9    Int:  9      God:    Lugonu [*.....]
Gold:   0          SH:  0    Dex:  8      Spells: 0/0 levels left

rFire    . . .     SeeInvis .   a - +1 hand axe
rCold    . . .     Gourm    .   (no shield)
rNeg     . . .     Faith    .   b - +0 leather armour
rPois    .         Spirit   .   (no helmet)
rElec    .         Reflect  .   (no cloak)
rCorr    .         Harm     .   (no gloves)
MR       .....                  (no barding)
Stlth    ..........             (no amulet)
HPRegen  0.06/turn              (no ring)
MPRegen  0.08/turn              (no ring)

@: about to teleport, very quick
A: large, hooves 3, deformed body, deterioration 1, dopey 1, speed 2, tough skin
3
a: Depart the Abyss, Renounce Religion


You were on level 2 of the Abyss.
You worshipped Lugonu.
Lugonu was aware of your devotion.
You were not hungry.

You visited 0 branches of the dungeon, and saw 0 of its levels.
You visited the Abyss 1 time.

Inventory:

Hand Weapons
 a - a +1 hand axe (weapon)
Armour
 b - a +0 leather armour (worn)
 f - a +0 scale mail
Potions
 d - a potion of brilliance
Comestibles
 c - a ration


   Skills:
 + Level 3.0 Fighting
 + Level 1.7 Axes
 + Level 1.3 Armour
 + Level 0.6 Dodging
 + Level 2.0 Invocations


You couldn't memorise any spells.
You didn't know any spells.

Dungeon Overview and Level Annotations

Branches:
Dungeon (0/15)

Altars:


Innate Abilities, Weirdness & Mutations

You have hooves in place of feet.
Armour fits poorly on your strangely shaped body.
You cover ground very quickly.
You have extremely tough skin. (AC +3)
Your body sometimes deteriorates upon taking damage.
You are dopey. (Int -2)


Message History

The quasit closely misses you.
The quasit claws you but does no damage.
The quasit closely misses you.
The quasit claws you but does no damage. x2
The large abomination hits you.
Your body deteriorates!
You feel weakened.
A worldbinder comes into view.
The worldbinder calls forth creatures from the Orcish Mines!
A worldbinder comes into view.
The orc priest shouts!
The orc priest looks sick.
You hit the worldbinder.
The worldbinder is lightly damaged.
The orc priest invokes the aid of Beogh against you.
Beogh smites you!
Ouch! That really hurt!
* * * LOW HITPOINT WARNING * * *
Your body deteriorates!
You feel weakened. The worldbinder hits you!
You die...

.§#.####.#..###...%#
#.§#..##.......##.#
#§.§....5###.#.#..#
#
..##........#.#...#
..#
.....##..#o5x#%#.##
...#
.#.#.#..#..#.#....
.. .. #.#.#.#T#...
#x.###.#.
#..##5.#.#T.xx..# #
. ##.
#@.##.#.##.#..##..
##..x#.#### .(.#§
...
#.#........##.#.x..#
.. ...#.#.##.. ..###
#..
.##..#...#....)...
§# #. ... ##...#
##.#..# . ... .# ..
#..#


You could see 2 worldbinders, a troll, an orc priest and 2 quasits.

Vanquished Creatures (others)
  A neqoxec (Abyss:2)
  4 starspawn tentacles (Abyss:2)
5 creatures vanquished.

Notes
Turn   | Place    | Note
-------+----------+-------------------------------------------
     0 | Abyss:1  | Gargoyl the Centaur Abyssal Knight began the quest for the Orb.
     0 | Abyss:1  | Reached XP level 1. HP: 19/19 MP: 2/2
    36 | Abyss:2  | Noticed a tentacled starspawn
    48 | Abyss:2  | Gained mutation: You are frail. (-10% HP) [potion of mutation]
    48 | Abyss:2  | Gained mutation: Your body sometimes deteriorates upon taking damage. [potion of mutation]
    48 | Abyss:2  | Gained mutation: You are dopey. (Int -2) [potion of mutation]
    48 | Abyss:2  | Lost mutation: You are frail. (-10% HP) [potion of mutation]
    63 | Abyss:2  | Killed a neqoxec
    79 | Abyss:2  | Noticed a quasit
   100 | Abyss:2  | Noticed a quasit
   100 | Abyss:2  | Noticed an ancient zyme
   101 | Abyss:2  | Noticed a large abomination
   107 | Abyss:2  | Noticed a worldbinder
   110 | Abyss:2  | Noticed a troll
   112 | Abyss:2  | Noticed a worldbinder
   112 | Abyss:2  | Noticed an orc priest
   114 | Abyss:2  | Slain by a worldbinder

Action                   || total
-------------------------++-------
Melee: Hand axe          ||     1
  Use: Scroll            ||     2
       Potion            ||     1
Armor: Leather armour    ||     7
Dodge: Dodged            ||     5
